 Dungeon Sprint DCSS version 0.30-a0-465-g8901f6c8b5 (webtiles) character file.

Game seed: 2240633408494254097

3215 holysushi the Spry (level 10, -9/71 HPs)
             Began as a Kobold Monk on Dec 18, 2022.
             Mangled by a merfolk
             ... wielding a +0 trident
              (20 damage)
             ... in the Dungeon (Sprint V: "Ziggurat Sprint").
             The game lasted 00:05:47 (784 turns).

holysushi the Spry (Kobold Monk)                     Turns: 784, Time: 00:05:48

Health: -9/71      AC:  5    Str:  3    XL:     10   Next: 17%
Magic:  10/10      EV: 55    Int: 16    God:
Gold:   0          SH:  0    Dex: 33    Spells: 9/9 levels left

rFire   + + +      SeeInvis .    j - +9 quick blade
rCold   + + +      Faith    .    (no shield)
rNeg    + . .      Spirit   .    G - +1 robe {rF+}
rPois   +          Reflect  .    (no helmet)
rElec   +          Harm     .    (no cloak)
rCorr   .          Rampage  .    A - +1 pair of gloves of the Skies Above {Int+3}
Will    .....      NoTele   +    (no boots)
Stlth   ++++++++..               F - amulet "Xugunui" {Acrobat rElec rN+}
HPRegen 0.31/turn                k - +6 ring of dexterity
MPRegen 0.12/turn                z - ring of Sotiets {rPois rF++ rC+++ Str-5 Dex+6}

@: acrobatic
A: small, no large weapons, nightstalker 3
a: no special abilities


You were in the Dungeon.
You visited 1 branch

Inventory:

Hand Weapons
 j - a +9 quick blade (weapon)
Armour
 t - a +3 buckler
 x - a +3 kite shield
 y - the +18 shield of the Gong {rElec rN+ Will+ EV-5}
   (You found it in the Dungeon)

   It is deafeningly noisy when blocking attacks.
   EV:        It affects your evasion (-5).
   rElec:     It insulates you from electricity.
   rN:        It protects you from negative energy.
   Will:      It increases your willpower.
 A - the +1 pair of gloves of the Skies Above (worn) {Int+3}
   (You found it in the Dungeon)

   Int:       It affects your intelligence (+3).
 G - a +1 robe of fire resistance (worn)
Jewellery
 k - a +6 ring of dexterity (left hand)
 l - a +6 ring of dexterity
 z - the ring of Sotiets (right hand) {rPois rF++ rC+++ Str-5 Dex+6}
   (You found it in the Dungeon)

   [ring of dexterity]

   Str:       It affects your strength (-5).
   Dex:       It affects your dexterity (+6).
   rF:        It greatly protects you from fire.
   rC:        It renders you almost immune to cold.
   rPois:     It protects you from poison.
 D - an amulet of regeneration
 F - the amulet "Xugunui" (around neck) {Acrobat rElec rN+}
   (You found it in the Dungeon)

   [amulet of the acrobat]

   It increases your evasion while moving and waiting.
   rElec:     It insulates you from electricity.
   rN:        It protects you from negative energy.
Wands
 m - a wand of mindburst (7)
 n - a wand of quicksilver (7)
Scrolls
 i - 4 scrolls of blinking
 o - 4 scrolls of amnesia
 p - 2 scrolls of fear
 q - 7 scrolls of fog
 r - 5 scrolls of identify
Potions
 c - a potion of ambrosia
 d - 10 potions of curing
 e - 10 potions of heal wounds
 f - 6 potions of haste
 g - 7 potions of magic
 h - 3 potions of berserk rage
 s - 2 potions of brilliance
 u - 2 potions of invisibility
 v - 4 potions of might
 w - 4 potions of resistance
Miscellaneous
 a - a lightning rod (4/4)
 b - a tin of tremorstones (2/2)
 B - a box of beasts
 C - a phial of floods


   Skills:
 + Level 12.2 Fighting
 - Level 10.3 Short Blades
 + Level 18.2 Dodging
 + Level 14.5 Stealth
 + Level 2.6 Evocations


You had 9 spell levels left.
You didn't know any spells.
Your spell library contained the following spells:

 Spells                   Type           Power      Damage    Failure   Level
 Ignite Poison            Fire/Tmut/Pois 0%         N/A       58%         3
 Sticky Flame             Conj/Fire      0%         2d3       94%         4
 Ignition                 Fire           0%         3d3       100%        8


Dungeon Overview and Level Annotations

Branches:
Dungeon (1/1) Zot: 27000

Altars:
Ashenzari
Cheibriados
Dithmenos
Elyvilon
Fedhas
Gozag
Hepliaklqana
Kikubaaqudgha
Makhleb
Nemelex Xobeh
Okawaru
Qazlal
Ru
Sif Muna
Trog
Uskayaw
Vehumet
Wu Jian
Xom
Yredelemnul
Zin
The Shining One
Jiyva
Lugonu

Annotations:
D 1 transporter


Innate Abilities, Weirdness & Mutations

You are small and have problems with some larger weapons.
You are completely attuned to the shadows.


Message History

You hit the merfolk.
The merfolk is almost dead.
The wind drake exhales a fierce blast of wind!
You are blown backwards!
A merfolk comes into view. It is wielding a +0 trident.
Found the +1 chain mail of Ixae {Rampage rPois rF- Dex-3}.
Found a transporter.
The merfolk closely misses you. The merfolk completely misses you.
The centaur shoots an arrow.
The arrow completely misses you. The merfolk closely misses you.
The merfolk throws a throwing net.
The throwing net completely misses you.
The centaur shoots an arrow.
The arrow completely misses you.
The centaur shoots an arrow.
The arrow completely misses you. The merfolk completely misses you.
The centaur shouts!
You hit the merfolk.
The merfolk is lightly wounded.
You puncture the merfolk!
The merfolk is moderately wounded.
The centaur wields a +0 shortbow.
The centaur shoots an arrow.
The arrow misses you.
The arrow hits the wind drake!
The merfolk closely misses you.
You puncture the merfolk!
The merfolk is heavily wounded.
The merfolk completely misses you.
You puncture the wind drake!
The wind drake is heavily wounded.
The wind drake exhales a fierce blast of wind!
You are blown backwards!
The merfolk is blown away by the wind.
The centaur shoots an arrow.
The arrow completely misses you.
The centaur shoots an arrow.
The arrow hits you.
The centaur shoots an arrow.
The arrow completely misses you. The wind drake flaps its wings at you.
The air twists around and strikes you!!
* * * LOW HITPOINT WARNING * * *
The centaur unwields a +0 shortbow.
The centaur completely misses you. x2
The centaur shoots an arrow.
The arrow completely misses you.
The arrow completely misses the wind drake.
The merfolk hits you from afar with a +0 trident!!
You die...

▓........▓..))....▓
▓.▓....▓.▓.▓....▓.▓
▓...©....▓...©....▓
▓▓▓▓▓▓▓▓▓▓▓▓▓▓▓▓▓▓▓
▓...8©8...▓..8©8..▓
▓..[.}}...▓....[..▓
▓...)})...▓..)[)..▓
▓..(......▓.......▓
▓.m.@km...▓.......▓
▓....c....▓.......▓
▓c......).▓.......▓
▓.▓.....▓.▓.▓...▓.▓
▓....©....▓...©...▓
▓▓▓▓▓▓▓▓▓▓▓▓▓▓▓▓▓▓
▓..8©8..▓ ▓..)[...▓
▓..)})..▓


You could see a wind drake (repels missiles), 2 merfolk and 2 centaurs.

Vanquished Creatures
  An ugly thing (D)
  A shining eye (D)
  5 merfolk (D)
  A queen bee (shapeshifter) (D)
  A wind drake (D)
  A jumping spider (shapeshifter) (D)
  A yak (D)
  2 neqoxecs (D)
  2 necrophages (D)
  A wight (D)
  4 orc priests (D)
  An iguana (D)
  3 orc wizards (D)
  3 shadow imps (D)
  An adder zombie (D)
  4 orcs (D)
32 creatures vanquished.

Notes
Turn   | Place    | Note
-------+----------+-------------------------------------------
     0 | D        | holysushi the Kobold Monk began the quest for the Orb.
     0 | D        | Reached XP level 1. HP: 14/14 MP: 1/1
     0 | D        | Found a glowing golden altar of the Shining One.
     1 | D        | Found a broken altar of Ashenzari.
     1 | D        | Found a snail-covered altar of Cheibriados.
     1 | D        | Found a shadowy altar of Dithmenos.
     3 | D        | Found a white marble altar of Elyvilon.
     5 | D        | Found a blossoming altar of Fedhas.
     6 | D        | Found a viscous altar of Jiyva.
     6 | D        | Found a hazy altar of Hepliaklqana.
     6 | D        | Found a transporter.
     6 | D        | Found an opulent altar of Gozag.
    10 | D        | Found an ancient bone altar of Kikubaaqudgha.
    12 | D        | Found the +6 Majin-Bo {vamp, MP+6 Int+6}
    12 | D        | Found the +27 heavy crossbow "Sniper" {vorpal, Acc+∞ SInv}
    12 | D        | Found the +10 dark maul {vorpal}
    12 | D        | Found the +15 Maxwell's patent armour {-Cast -Tele rElec
                  | Will+ rCorr}
    12 | D        | Found the +18 shield of the Gong {rElec rN+ Will+ EV-5}
    12 | D        | Found the +14 obsidian axe {vorpal, Mesm Drain Fly SInv}
    13 | D        | Found a corrupted altar of Lugonu.
    13 | D        | Found the +7 great mace "Firestarter" {inner flame, rF++}
    13 | D        | Found the +6 shillelagh "Devastator" {shatter}
    13 | D        | Found the +11 plutonium sword {Contam Stlth-}
    13 | D        | Found the +8 lance "Wyrmbane" {slay drac, rPois rF+ rC+
                  | AC+3}
    13 | D        | Found the +9 sword of Zonguldrok {reap}
    13 | D        | Found the +13 scythe of Curses {drain, Drain}
    13 | D        | Found the +5 sword of Power {vorpal}
    13 | D        | Found the +7 mace of Variability {chain chaos}
    13 | D        | Found the +7 Singing Sword {vorpal, sonic wave}
    13 | D        | Found the +8 storm bow {elec, penet}
    16 | D        | Found a stormy altar of Qazlal.
    16 | D        | Found a sacrificial altar of Ru.
    16 | D        | Found an iron altar of Okawaru.
    16 | D        | Found a shimmering blue altar of Sif Muna.
    16 | D        | Found a sparkling altar of Nemelex Xobeh.
    22 | D        | Found a bloodstained altar of Trog.
    23 | D        | Found a radiant altar of Vehumet.
    23 | D        | Found a hide-covered altar of Uskayaw.
    28 | D        | Found a burning altar of Makhleb.
    51 | D        | Reached skill level 5 in Fighting
    51 | D        | Reached skill level 6 in Dodging
    51 | D        | Reached XP level 2. HP: 22/22 MP: 2/2
    97 | D        | Entered arena 2.
    97 | D        | Noticed a yak
    98 | D        | Found a transporter.
   102 | D        | Reached XP level 3. HP: 27/27 MP: 3/3
   103 | D        | Killed a yak
   104 | D        | Reached skill level 8 in Dodging
   104 | D        | Reached XP level 4. HP: 35/35 MP: 4/4
   104 | D        | Reached XP level 5. HP: 39/39 MP: 5/5
   107 | D        | Got the ring of Sotiets {rPois rF++ rC+++ Str-5 Dex+6}
   112 | D        | Entered arena 3.
   114 | D        | Found a transporter.
   126 | D        | Reached skill level 10 in Short Blades
   126 | D        | Reached skill level 9 in Dodging
   126 | D        | Reached skill level 5 in Stealth
   126 | D        | Reached XP level 6. HP: 36/45 MP: 6/6
   135 | D        | Reached skill level 10 in Dodging
   236 | D        | Entered arena 4.
   236 | D        | Noticed a merfolk
   236 | D        | Noticed a merfolk
   237 | D        | Noticed a merfolk
   238 | D        | Noticed a merfolk
   245 | D        | Killed a merfolk
   246 | D        | Reached skill level 11 in Dodging
   246 | D        | Reached XP level 7. HP: 52/52 MP: 7/7
   252 | D        | Killed a merfolk
   253 | D        | Reached skill level 10 in Fighting
   253 | D        | Reached skill level 12 in Dodging
   253 | D        | Reached XP level 8. HP: 58/58 MP: 8/8
   257 | D        | Killed a merfolk
   258 | D        | Reached skill level 13 in Dodging
   258 | D        | Reached skill level 10 in Stealth
   258 | D        | Found a transporter.
   268 | D        | Killed a merfolk
   269 | D        | Reached skill level 14 in Dodging
   272 | D        | Got the +1 pair of gloves of the Skies Above {Int+3}
   282 | D        | Entered arena 5.
   284 | D        | Found a transporter.
   309 | D        | Entered arena 6.
   313 | D        | Found a transporter.
   499 | D        | Entered arena 7.
   501 | D        | Noticed a queen bee
   502 | D        | Noticed a shining eye
   502 | D        | Noticed a red ugly thing
   502 | D        | Noticed a jumping spider
   503 | D        | Found a transporter.
   506 | D        | Reached XP level 9. HP: 64/64 MP: 9/9
   507 | D        | Reached skill level 15 in Dodging
   507 | D        | Killed a queen bee
   509 | D        | Killed a shining eye
   510 | D        | Reached skill level 16 in Dodging
   534 | D        | Killed a red ugly thing
   535 | D        | Reached skill level 17 in Dodging
   562 | D        | Got the amulet "Xugunui" {Acrobat rElec rN+}
   641 | D        | Entered arena 8.
   645 | D        | Found a transporter.
   655 | D        | Reached XP level 10. HP: 56/71 MP: 10/10
   668 | D        | Reached skill level 18 in Dodging
   734 | D        | Entered arena 9.
   750 | D        | Reached skill level 1 in Evocations
   775 | D        | Found a transporter.
   784 | D        | Mangled by a merfolk

Illustrated notes

Levels and vault maps discovered:
D:        sprint_v [room_start, room_1, room_2, room_3, room_4, room_5, room_6,
          room_7, room_8, room_9, room_10, room_11, room_12, room_13, room_14,
          room_15, room_16, room_17, room_18, room_19, room_20, room_21,
          room_22, room_23, room_24, room_25, room_26, room_27]

Skill      XL: |  1  2  3  4  5  6  7  8  9 10 |
---------------+-------------------------------+-----
Fighting       | 5 6 8 9 10 11 12 | 12.2
Short Blades   | 6 7 9 10 | 10.3
Dodging        | 6 8 9 11 12 14 17 18 | 18.2
Stealth        | 3 4 5 8 9 11 14 | 14.5
Evocations     | 2 |  2.6

Action                   |  1- 3 |  4- 6 |  7- 9 | 10-12 || total
-------------------------+-------+-------+-------+-------++-------
Melee: Quick blade       |     4 |    30 |    97 |    53 ||   184
       Punch             |       |       |     1 |     1 ||     2
  Use: Potion            |     1 |     1 |       |       ||     2
       Scroll            |       |       |       |     4 ||     4
 Stab: Sleeping          |     2 |       |     4 |       ||     6
Armor: Robe              |       |       |     1 |     1 ||     2
Dodge: Dodged            |     1 |    18 |    48 |    69 ||   136

Table legend: (Time is in decaauts)
 A = Elapsed time spent in this place.
 B = Non-inter-level travel time spent in this place.
 C = Inter-level travel time spent in this place.
 D = Time resting spent in this place.
 E = Time spent auto-exploring this place.
 F = Levels seen in this place.
 G = Mean time per level.
                   A        B        C        D        E       F      G
               +--------+--------+--------+--------+--------+-----+--------+
         Total |    652 |    652 |      0 |    314 |      0 |   1 |  652.0 |
       Dungeon |    652 |    652 |      0 |    314 |      0 |   1 |  652.0 |
               +--------+--------+--------+--------+--------+-----+--------+

Top non-repeatable levels by time:
       D: 652 daAuts
